 Dungeon Crawl Stone Soup version 0.22-a0-282-gdd34a7d (webtiles) character file.

66 nikopol the Firebug (level 3, 0/19 HPs)
             Began as a Deep Elf Fire Elementalist on Mar 17, 2018.
             Was an Initiate of Sif Muna.
             Slain by an orc
             ... wielding a +3 flail of venom
              (11 damage)
             ... on level 3 of the Dungeon.
             The game lasted 00:04:34 (1624 turns).

nikopol the Firebug (Deep Elf Fire Elementalist)    Turns: 1624, Time: 00:04:34

Health: 0/19       AC:  2    Str:  5    XL:     3   Next: 96%
Magic:  1/10       EV: 13    Int: 20    God:    Sif Muna [......]
Gold:   110        SH:  0    Dex: 15    Spells: 4/10 levels left

rFire    . . .     SeeInvis .   g - +0 dagger
rCold    . . .     Gourm    .   (no shield)
rNeg     . . .     Faith    .   a - +0 robe
rPois    .         Spirit   .   (no helmet)
rElec    .         Reflect  .   (no cloak)
rCorr    .         Harm     .   (no gloves)
MR       .....                  (no boots)
Stlth    ++........             (no amulet)
HPRegen  0.06/turn              (no ring)
MPRegen  0.12/turn              (no ring)

@: very slightly contaminated
A: no striking features
a: Renounce Religion


You were on level 3 of the Dungeon.
You worshipped Sif Muna.
Sif Muna was noncommittal.
You were very hungry.

You visited 1 branch of the dungeon, and saw 3 of its levels.

You collected 110 gold pieces.

Inventory:

Hand Weapons
 g - a +0 dagger (weapon)
Armour
 a - a +0 robe (worn)
Wands
 k - a wand of acid (6)
Scrolls
 b - 2 scrolls of teleportation {unknown}
 f - a scroll of enchant armour {unknown}
 h - a scroll of amnesia {unknown}
 i - a scroll of random uselessness {unknown}
 m - a scroll of blinking {unknown}
Potions
 d - a potion of ambrosia {unknown}
 e - a potion of degeneration {unknown}
 j - a potion of mutation {unknown}
 l - a potion of brilliance {unknown}
Comestibles
 c - 3 rations


   Skills:
 + Level 2.7 Dodging
 + Level 2.9 Stealth
 + Level 4.1 Spellcasting
 + Level 1.9 Conjurations
 + Level 4.1 Fire Magic


You had 4 spell levels left.
You knew the following spells:

 Your Spells              Type           Power        Failure   Level  Hunger
a - Flame Tongue          Conj/Fire      ###..        3%          1    None
b - Throw Flame           Conj/Fire      ###...       5%          2    #......
c - Conjure Flame         Conj/Fire      ###.....     11%         3    ###....


Dungeon Overview and Level Annotations

Branches:
Dungeon (3/15)

Altars:
Sif Muna


Message History

Aim: an orc, wielding a flail of venom (lightly wounded)
The flame tongue hits the orc.
The orc is heavily wounded.
Casting: Flame Tongue (safe; 3% risk of failure)
Confirm with . or Enter, or press ? or * to list all spells.
You don't have enough magic to cast that spell.
The orc wizard gestures at you while chanting.
You are confused.
You bump into the rock wall.
You are feeling very hungry.
You feel less confused.
The orc wizard hits you but does no damage.
The orc barely misses you.
There is a stone staircase leading up here.
The orc wizard casts a spell.
The orc wizard flickers and vanishes!
Deactivating autopickup; reactivate with Ctrl-A.
The orc hits you with a flail of venom!
Ouch! That really hurt!
You die...

##### #...# #...#
####...#### ###
#.........####...#
#.....{o...())..$#
#.....@o..##.#......
####....###.## .o...
#....# .# .o..
#....### ... #[....
## #..#... #..####
#..


You could see 2 orcs.

Vanquished Creatures
  An orc wizard (D:3)
  2 dart slugs
  A leopard gecko (D:2)
  An orc (D:3)
  5 bats
  5 giant cockroaches
  4 goblins
  4 hobgoblins
  2 jackals (D:1)
  A quokka (D:2)
  A frilled lizard (D:2)
  2 kobolds (D:1)
  4 rats (D:1)
33 creatures vanquished.

Notes
Turn   | Place    | Note
-------+----------+-------------------------------------------
     0 | D:1      | nikopol the Deep Elf Fire Elementalist began the quest for the Orb.
     0 | D:1      | Reached XP level 1. HP: 10/10 MP: 6/6
   244 | D:1      | Reached XP level 2. HP: 15/15 MP: 6/8
   979 | D:2      | Reached XP level 3. HP: 19/19 MP: 2/10
  1198 | D:2      | Found a deep blue altar of Sif Muna.
  1213 | D:2      | Became a worshipper of Sif Muna the Loreminder
  1265 | D:2      | Learned a level 2 spell: Throw Flame
  1269 | D:2      | Learned a level 3 spell: Conjure Flame
  1624 | D:3      | Slain by an orc

Vault maps used:
D:1:      dpeg_arrival_boxorama
D:2:      lemuel_doored_altar
D:3:      kennysheep_okawaru_gauntlet, lemuel_crystal_altar, first_ration

Skill      XL: |  1  2  3 |
---------------+----------+-----
Fire Magic     | 4 |  4.1
Spellcasting   | 4 |  4.1
Dodging        | |  2.7
Stealth        | |  2.9
Conjurations   | |  1.9

Action                   || total
-------------------------++-------
Melee: Dagger            ||     1
 Cast: Flame Tongue      ||    63
       Conjure Flame     ||     1
  Eat: Chunk             ||     1
Armor: Robe              ||     7
Dodge: Dodged            ||    12

Table legend:
 A = Spawn XP
 B = Non-spawn XP
 C = Spawn XP percentage of total XP
 D = Spawn monster count
 E = Non-spawn monster count
 F = Spawn count percentage of total count
 G = Total turns spent on level
                    A         B        C        D         E        F      G
               +---------+---------+-------+---------+---------+-------+---------
         Total |       0 |      95 |   0.0 |       0 |      33 |   0.0 |  1624
               +---------+---------+-------+---------+---------+-------+---------
           D:1 |       0 |      34 |   0.0 |       0 |      19 |   0.0 |   951
           D:2 |       0 |      23 |   0.0 |       0 |      12 |   0.0 |   645
           D:3 |       0 |      38 |   0.0 |       0 |       2 |   0.0 |    28
               +---------+---------+-------+---------+---------+-------+---------
